 Dungeon Crawl Stone Soup version 0.25-a0-1036-g6f112fb28d (webtiles) character file.

Game seed: 5896251064934700306, levelgen mode: deterministic

50 Conn the Magician (level 3, 0/21 HPs)
             Began as an Octopode Wizard on May 12, 2020.
             Shot with an arrow by a centaur (13 damage)
             ... on level 6 of the Dungeon.
             The game lasted 00:06:07 (2419 turns).

Conn the Magician (Octopode Wizard)                 Turns: 2419, Time: 00:06:08

Health: 0/21       AC:  1    Str:  6    XL:     3   Next: 79%
Magic:  4/8        EV: 13    Int: 21    God:
Gold:   108        SH:  0    Dex: 10    Spells: 1/9 levels left

rFire    . . .     SeeInvis .   b - +1 dagger
rCold    . . .     Gourm    .   (no shield)
rNeg     . . .     Faith    .   a - +0 hat
rPois    .         Spirit   .   (no amulet)
rElec    .         Reflect  .   (no ring)
rCorr    .         Harm     .   (no ring)
MR       .....                  (no ring)
Stlth    +++.......             (no ring)
HPRegen  0.07/turn              (no ring)
MPRegen  0.11/turn              (no ring)
                                (no ring)
                                (no ring)

@: no status effects
A: almost no armour, stealthy swim, amphibious, 8 rings, constrict 8, camouflage
1, gelatinous body 1
a: no special abilities


You were on level 6 of the Dungeon.
You were not hungry.

You visited 1 branch of the dungeon, and saw 4 of its levels.

You collected 108 gold pieces.

Inventory:

Hand Weapons
 b - a +1 dagger (weapon)
Armour
 a - a +0 hat (worn)
Scrolls
 e - 2 scrolls of identify
 g - 2 scrolls of magic mapping
 j - a scroll of amnesia {unknown}
 k - a scroll of teleportation {unknown}
 m - a scroll of remove curse {unknown}
Potions
 d - 2 potions of curing
 l - a potion of brilliance {unknown}
 n - a potion of berserk rage {unknown}
Comestibles
 c - 5 rations


   Skills:
 + Level 0.2 Short Blades
 + Level 2.3 Dodging
 + Level 3.3 Stealth
 * Level 3.7 Spellcasting
 * Level 1.6 Conjurations
 + Level 1.0 Summonings
 + Level 1.0 Translocations


You had one spell level left.
You knew the following spells:

 Your Spells              Type           Power        Failure   Level  Hunger
a - Magic Dart            Conj           ##..         6%          1    None
b - Blink                 Tloc           N/A          12%         2    ##.....
c - Call Imp              Summ           #.......     12%         2    ##.....
d - Conjure Flame         Conj/Fire      #.......     26%         3    ###....

Your spell library contained the following spells:

 Spells                   Type           Power        Failure   Level  Hunger
 Slow                     Hex            #.......     19%         2    ##.....
 Mephitic Cloud           Conj/Pois/Air  #.......     30%         3    ###....


Dungeon Overview and Level Annotations

Branches:
Dungeon (3/15)

Altars:
Ashenzari
Elyvilon
Fedhas
Xom

Annotations:
D:2 Terence


Innate Abilities, Weirdness & Mutations

You cannot wear most types of armour.
You are very stealthy in the water. (Stealth+)
You are amphibious.
You can wear up to eight rings at the same time.
You can use your tentacles to constrict eight enemies at once.
Your skin changes colour to match your surroundings (Stealth+).
Your rubbery body absorbs attacks. (AC +1, EV +1)


Message History

The centaur wields a +0 shortbow.
The centaur shoots an arrow.
The arrow hits you!
A shadow imp comes into view.
As you read the scroll labeled YTYLOB NERHIKHLU, it crumbles to dust.
It is a scroll of identify.
g - 2 scrolls of magic mapping All of the chunks of flesh in your inventory have rotted away.
Okay, then.
Okay, then.
As you read the scroll labeled YGRESHO EKHYEPNE, it crumbles to dust.
It is a scroll of enchant weapon.
Your +0 dagger glows red for a moment.
As you read the scroll labeled DEPSOTE MEFUMMA, it crumbles to dust.
The scroll dissolves into smoke.
It was a scroll of fog.
Okay, then.
Casting: Blink (safe; 12% risk of failure)
Confirm with . or Enter, or press ? or * to list all spells.
You blink.
The centaur shoots an arrow.
The arrow hits you!
Ouch! That really hurt!
You die...

#.....# #.....#
#.....# #.....#
###########.....#
#5...§§§§§§.....#
#.....§§c§§.....#
#.....§§§§§.....+
#.........@.....#
.....#######+##...
..... .. .... ...
###


You could see a centaur.

Vanquished Creatures
  A dart slug (D:2)
  3 leopard geckos (D:2)
  4 giant cockroaches
  3 goblins
  5 hobgoblins
  A jackal (D:1)
  10 bats
  2 frilled lizards (D:1)
  6 kobolds (D:1)
  6 rats
41 creatures vanquished.

Notes
Turn   | Place    | Note
-------+----------+-------------------------------------------
     0 | D:1      | Conn the Octopode Wizard began the quest for the Orb.
     0 | D:1      | Reached XP level 1. HP: 11/11 MP: 4/4
   284 | D:1      | Reached XP level 2. HP: 17/17 MP: 6/6
   288 | D:1      | Learned a level 2 spell: Blink
   291 | D:1      | Learned a level 2 spell: Call Imp
   981 | D:1      | Reached XP level 3. HP: 21/21 MP: 2/8
   986 | D:1      | Learned a level 3 spell: Conjure Flame
  1208 | D:2      | Found a white marble altar of Elyvilon.
  1208 | D:2      | Found a shattered altar of Ashenzari.
  1212 | D:2      | Found a shimmering altar of Xom.
  1400 | D:2      | Found a blossoming altar of Fedhas.
  1653 | D:2      | Found a blossoming altar of Fedhas.
  2263 | D:2      | Noticed Terence
  2412 | D:3      | You fall into a shaft and drop 3 floors!
  2413 | D:6      | Noticed a centaur
  2419 | D:6      | Shot with an arrow by a centaur

Illustrated notes

Levels and vault maps discovered:
D:1:      lemuel_arrival_room, layout_basic, minmay_splitting_lines,
          st_stairs_1, nrook_uturn, minivault_25
D:2:      layout_basic, nicolae_overflow_crystal_walls, minitemple,
          chequers_mini_garden, fedhas_altar_1, uniq_terence
D:3:      layout_loops_ring, old_standard_altar, lemuel_round_altar,
          first_ration
D:6:      layout_gridville, gammafunk_ghost_nasty_kobolds

Skill      XL: |  1  2 |
---------------+-------+-----
Stealth        | 3 |  3.3
Short Blades   | |  0.2
Dodging        | |  2.3
Spellcasting   | |  3.7
Conjurations   | |  1.6
Summonings     | |  1.0
Translocations | |  1.0

Action                   || total
-------------------------++-------
Melee: Dagger            ||    68
       Constrict         ||    10
       Tentacles         ||     4
 Cast: Magic Dart        ||    44
       Call Imp          ||     4
       Blink             ||     2
  Use: Scroll            ||     3
       Potion            ||     2
 Stab: Sleeping          ||    15
  Eat: Chunk             ||     5
Armor: Skin              ||    16
Dodge: Dodged            ||    60

Table legend:
 A = Non-vault XP
 B = Vault XP
 C = Vault XP percentage of total XP
 D = Non-vault monster count
 E = Vault monster count
 F = Vault count percentage of total count
                 A         B        C        D         E       F
            +---------+---------+-------+---------+---------+-------
      Total |      69 |       3 |   4.2 |      39 |       2 |   4.9
            +---------+---------+-------+---------+---------+-------
        D:1 |      33 |       3 |   8.3 |      22 |       2 |   8.3
        D:2 |      35 |       0 |   0.0 |      16 |       0 |   0.0
        D:3 |       1 |       0 |   0.0 |       1 |       0 |   0.0
            +---------+---------+-------+---------+---------+-------
